 Dungeon Crawl Stone Soup version 0.31-a0-200-gbc41564c69 (webtiles) character file.

Game seed: 17052855552397728261

17643 qw the Markself (level 12, -5/71 HPs)
             Began as a Deep Elf Hunter on June 25, 2023.
             Was an Elder of Okawaru.
             Slain by a komodo dragon (24 damage)
             ... on level 2 of the Lair of Beasts.
             The game lasted 00:04:14 (10421 turns).

qw the Markself (Deep Elf Hunter)                  Turns: 10421, Time: 00:04:15

Health: -5/71      AC: 11    Str: 12    XL:     12   Next: 20%
Magic:  21/21      EV: 27    Int: 16    God:    Okawaru [****..]
Gold:   609        SH:  0    Dex: 24    Spells: 11/11 levels left

rFire   . . .        Y - +0 arbalest (drain)
rCold   . . .        (shield currently unavailable)
rNeg    . . .        m - +1 swamp dragon scales
rPois   +            (no helmet)
rElec   .            (no cloak)
rCorr   .            (no gloves)
SInv    .            k - +0 pair of boots
Will    +....        (no amulet)
Stlth   +++          a - +6 ring of dexterity
HPRegen 0.31/turn    b - +5 ring of evasion
MPRegen 0.17/turn

%: no passive effects
@: heroic
A: no striking features
a: Renounce Religion, Heroism, Finesse


You were on level 2 of the Lair of Beasts.
You worshipped Okawaru.
Okawaru was greatly pleased with you.
You visited 3 branches of the dungeon, and saw 13 of its levels.

You collected 686 gold pieces.
You spent 77 gold pieces at shops.


   Skills:
 + Level 6.6(11.6) Fighting
 - Level 18.0(23.0) Ranged Weapons
 - Level 3.1(8.1) Armour
 - Level 10.0(15.0) Dodging
 - Level 1.2(6.2) Stealth
 - Level 10.0 Invocations


You had 11 spell levels left.
You didn't know any spells.
Your spell library was empty.

Inventory:

Hand Weapons
 Y - a +0 arbalest of draining (weapon)
Armour
 k - a +0 pair of boots (worn)
 m - +1 swamp dragon scales (worn)
Jewellery
 a - a +6 ring of dexterity (left hand)
 b - a +5 ring of evasion (right hand)
 g - a ring of protection from fire
Scrolls
 e - a scroll of teleportation
 l - a scroll of identify
Potions
 c - a potion of mutation
 d - 4 potions of might
 f - a potion of enlightenment
 i - a potion of heal wounds
 o - 3 potions of curing
 p - a potion of magic
 s - a potion of haste {unknown}

Dungeon Overview and Level Annotations

Branches:
Dungeon (10/15)            Temple (1/1) D:4            Lair (2/5) D:10
  Swamp: Lair:2-3    Shoals: Lair:2-3     Snake: Lair:2-3    Spider: Lair:2-3
    Orc: D:9-12

Altars:
Ashenzari
Cheibriados
Dithmenos
Elyvilon
Fedhas
Gozag
Hepliaklqana
Kikubaaqudgha
Makhleb
Nemelex Xobeh
Okawaru
Qazlal
Ru
Sif Muna
Trog
Uskayaw
Vehumet
Wu Jian
Xom
Yredelemnul
Zin
The Shining One

Shops:
D:5 ?

Annotations:
D:8 1 runed translucent door, qw's ghost, novice GrFi


Message History

The cane toad is moderately wounded.
The komodo dragon completely misses you.
You shoot a bolt. The bolt closely misses the cane toad.
The cane toad stings you! The bullfrog closely misses you.
The komodo dragon closely misses you. The cane toad completely misses you.
You shoot a bolt. The bolt hits the cane toad!!
You drain the cane toad.
You kill the cane toad!
Okawaru accepts your kill. The bullfrog completely misses you.
The komodo dragon bites you!
You shoot a bolt. The bolt hits the swamp worm.
You drain the swamp worm.
The swamp worm is lightly wounded.
The komodo dragon barely misses you. The komodo dragon closely misses you.
You shoot a bolt. The bolt hits the swamp worm.
You drain the swamp worm.
The swamp worm is heavily wounded.
The swamp worm closely misses you. The bullfrog misses you.
The swamp worm bites you.
The komodo dragon completely misses you.
You shoot a bolt. The bolt hits the swamp worm.
You drain the swamp worm.
The swamp worm is heavily wounded.
The bullfrog completely misses you. The swamp worm completely misses you.
The bullfrog hits you but does no damage.
The komodo dragon bites you.
You shoot a bolt. The bolt closely misses the swamp worm.
The bullfrog misses you.
The swamp worm bites you but does no damage.
The komodo dragon barely misses you. The bullfrog closely misses you.
You shoot a bolt. The bolt hits the swamp worm!
You kill the swamp worm!
Okawaru accepts your kill. The bullfrog misses you.
The komodo dragon bites you!!
You shoot a bolt.
The bolt hits the komodo dragon but does no damage.
You drain the komodo dragon.
The komodo dragon is lightly wounded.
The bullfrog misses you. The komodo dragon barely misses you.
The bullfrog completely misses you.
You shoot a bolt. The bolt hits the komodo dragon!!
The komodo dragon is severely wounded.
The bullfrog completely misses you. The komodo dragon bites you!!
You die...

...7... .......
.7...7. .......
## ...7...
.#.......
########F..##...
#P...##.@l....#
#....##.......#
#...##...#..#P#
##...##...#.##
#.....#..#...#
##...#.......#
##.....<.....#
#....#...#...##
##...#####.)..#


You could see a komodo dragon (drained) and a bullfrog.

Vanquished Creatures
  A hydra (Lair:2)
  A catoblepas (Lair:1)
  2 two-headed ogres
  Nergalle (Lair:2)
  Pikel (D:7)
  A lindwurm (Lair:1)
  3 black mambas (Lair:1)
  Joseph (D:6)
  A gargoyle (D:7)
  2 cane toads
  2 komodo dragons (Lair:1)
  Maggie (D:6)
  A troll (D:9)
  A tyrant leech (Lair:1)
  Prince Ribbit (D:7)
  5 blink frogs (Lair:1)
  A wraith (D:10)
  A wyvern (D:8)
  21 yaks
  4 fire bats (D:8)
  A steam dragon (D:5)
  Eustachio (D:6)
  Menkaure (D:6)
  3 swamp worms
  A hell hound (D:8)
  5 water moccasins
  2 ice beasts
  2 orc warriors (D:6)
  A sky beast (D:7)
  2 ogres
  3 wolves (Lair:1)
  5 centaurs
  2 kobold brigands
  2 gnoll sergeants (D:9)
  4 bullfrogs
  2 scorpions (D:6)
  13 wights
  7 killer bees
  2 howler monkeys
  2 lava snakes (D:8)
  2 hounds
  4 jellies
  10 orc priests
  A gnoll bouda (D:8)
  A sleepcap (D:5)
  Jessica (D:2)
  Natasha (twice) (D:2)
  4 iguanas
  4 orc wizards
  16 gnolls
  An adder (D:4)
  2 white imps
  2 dart slugs
  29 orcs
  3 endoplasms
  4 giant cockroaches
  8 goblins
  4 hobgoblins
  17 kobolds
  A quokka (D:1)
  6 ball pythons
  A bat (D:3)
  A frilled lizard (D:1)
  3 fire vortices (D:8)
240 creatures vanquished.

Vanquished Creatures (others)
  An orc wizard (D:7)
1 creature vanquished.

Grand Total: 241 creatures vanquished

Notes
Turn   | Place    | Note
-------+----------+-------------------------------------------
     0 | D:1      | qw the Deep Elf Hunter began the quest for the Orb.
     0 | D:1      | Reached XP level 1. HP: 12/12 MP: 3/3
     0 | D:1      | 0 ||| qw: Version: 0.3-a-22-g0ed2b0b
     0 | D:1      | 0 ||| qw: Game counter: 5657
     0 | D:1      | 0 ||| qw: Melee chars always use a shield: true
     0 | D:1      | 0 ||| qw: God list: Okawaru
     0 | D:1      | 0 ||| qw: Allow faded altars: false
     0 | D:1      | 0 ||| qw: Do Orc after clearing Dungeon:15 true
     0 | D:1      | 0 ||| qw: Do second Lair branch before Depths: true
     0 | D:1      | 0 ||| qw: Lair rune preference: random
     0 | D:1      | 0 ||| qw: Goals: Normal
     0 | D:1      | 0 ||| PLANNING D:1-11
   375 | D:1      | Reached skill level 6 in Ranged Weapons
   375 | D:1      | Reached XP level 2. HP: 12/16 MP: 4/4
   844 | D:1      | 844 ||| UPGRADING to +0 ring mail.
   854 | D:1      | 854 ||| DROPPING +0 leather armour.
   855 | D:1      | 855 ||| UPGRADING to +0 troll leather armour.
   865 | D:1      | 865 ||| DROPPING +0 ring mail.
   866 | D:1      | 866 ||| READING scroll labelled BEDUAQUOCE.
   867 | D:1      | 867 ||| READING scroll labelled EKKOAS PIKU.
   868 | D:1      | 868 ||| READING scroll labelled NOXESO TEMMUNU.
   873 | D:1      | 873 ||| DROPPING scroll of butterflies.
   919 | D:2      | Noticed Jessica
   921 | D:2      | Killed Jessica
   922 | D:2      | Reached XP level 3. HP: 20/20 MP: 5/5
   949 | D:2      | Noticed Natasha
   953 | D:2      | Killed Natasha
   954 | D:2      | Reached skill level 7 in Ranged Weapons
   954 | D:2      | Reached XP level 4. HP: 25/25 MP: 6/6
  1101 | D:2      | Noticed Natasha
  1260 | D:2      | Killed Natasha
  1303 | D:2      | 1303 ||| UPGRADING to +6 ring of dexterity.
  1304 | D:2      | 1304 ||| UPGRADING to +5 ring of evasion.
  1305 | D:2      | 1305 ||| READING scroll labelled OFEQOT UDERAAT.
  1919 | D:3      | 1919 ||| READING scroll labelled YMOEZA ESHE QIV.
  1920 | D:3      | 1920 ||| DRINKING 2 black potions.
  1990 | D:4      | Identified the +8 dagger "Vedeffez" {drain, +Blink rPois
                  | Str-3}
  2012 | D:4      | Found a staircase to the Ecumenical Temple.
  2013 | D:4      | 2013 ||| PLANNING TEMPLE
  2025 | D:4      | Reached skill level 3 in Dodging
  2030 | Temple   | Entered the Ecumenical Temple
  2115 | Temple   | 2115 ||| PLANNING OKAWARU WORSHIP
  2204 | Temple   | Became a worshipper of Warmaster Okawaru
  2205 | Temple   | 2205 ||| PLANNING D:1-11
  2268 | D:4      | Reached XP level 5. HP: 29/29 MP: 7/7
  2321 | D:4      | Reached skill level 8 in Ranged Weapons
  2432 | D:4      | Found a snail-covered altar of Cheibriados.
  2433 | D:4      | Found a glowing golden altar of the Shining One.
  2435 | D:4      | Found a blossoming altar of Fedhas.
  2602 | D:4      | Found a broken altar of Ashenzari.
  2776 | D:4      | Identified the +0 leather armour of Iluu {Rampage rN+++
                  | MP+9 Int-3}
  2868 | D:4      | 2868 ||| DROPPING +0 leather armour of Iluu {Rampage rN+++
                  | MP+9 Int-3}.
  2869 | D:4      | 2869 ||| READING scroll labelled MECYTO PUGA.
  2870 | D:4      | 2870 ||| READING scroll labelled VAZXONIENLIL.
  2919 | D:5      | Entered Level 5 of the Dungeon
  2941 | D:5      | a scorpion changed into a steam dragon
  2941 | D:5      | Noticed a steam dragon
  2951 | D:5      | Killed a steam dragon
  2952 | D:5      | Reached skill level 9 in Ranged Weapons
  2952 | D:5      | Reached XP level 6. HP: 22/34 MP: 8/8
  3007 | D:5      | Reached * piety under Okawaru
  3028 | D:5      | 3028 ||| INVOKING Heroism.
  3080 | D:5      | 3080 ||| READING scroll labelled ABBEUX ECOARPHA.
  3081 | D:5      | 3081 ||| DRINKING 2 brown potions.
  3128 | D:5      | 3128 ||| STAIRDANCE
  3136 | D:5      | 3136 ||| STAIRDANCE
  3140 | D:4      | HP: 7/35 [iguana (7)]
  3141 | D:4      | 3141 ||| DRINKING potion of heal wounds.
  3148 | D:5      | 3148 ||| STAIRDANCE
  3162 | D:5      | 3162 ||| STAIRDANCE
  3179 | D:5      | 3179 ||| STAIRDANCE
  3184 | D:4      | Reached skill level 10 in Ranged Weapons
  3224 | D:5      | 3224 ||| INVOKING Heroism.
  3226 | D:5      | Reached XP level 7. HP: 40/40 MP: 6/9
  3286 | D:5      | Reached skill level 1 in Invocations
  3317 | D:5      | 3317 ||| INVOKING Heroism.
  3319 | D:5      | HP: 10/40 [poisoned by a scorpion]
  3323 | D:5      | HP: 4/40 [poisoned by a scorpion]
  3328 | D:5      | HP: 3/40 [poisoned by a scorpion]
  3515 | D:5      | 3515 ||| INVOKING Heroism.
  3548 | D:5      | Found Dalequ's Magic Scroll Emporium.
  3550 | D:5      | 3550 ||| INVOKING Heroism.
  3555 | D:5      | Reached skill level 11 in Ranged Weapons
  3589 | D:5      | 3589 ||| BUYING scroll of identify (22 gold).
  3589 | D:5      | Bought a scroll of identify for 22 gold pieces
  3589 | D:5      | 3589 ||| BUYING scroll of identify (22 gold).
  3589 | D:5      | Bought a scroll of identify for 22 gold pieces
  3589 | D:5      | 3589 ||| BUYING scroll of teleportation (33 gold).
  3589 | D:5      | Bought a scroll of teleportation for 33 gold pieces
  3669 | D:5      | 3669 ||| READING scroll labelled RAICAJ ZIABO.
  3670 | D:5      | 3670 ||| READING scroll labelled IMO GOMEYFUARU.
  3671 | D:5      | 3671 ||| READING 2 scrolls of identify.
  3671 | D:5      | 3671 ||| IDENTIFYING coppery potion
  3716 | D:6      | Reached skill level 3 in Invocations
  3719 | D:6      | Noticed Menkaure
  3720 | D:6      | 3720 ||| INVOKING Heroism.
  3725 | D:6      | Killed Menkaure
  3726 | D:6      | Reached XP level 8. HP: 35/44 MP: 9/12
  3727 | D:6      | 3727 ||| FLEEEEING.
  3728 | D:6      | 3728 ||| FLEEEEING.
  3729 | D:6      | 3729 ||| FLEEEEING.
  3739 | D:6      | 3739 ||| Stepping ~*~*~tactically~*~*~ (outnumbered).
  3744 | D:6      | 3744 ||| INVOKING Heroism.
  3744 | D:6      | HP: 9/44 [orc warrior/+0 trident (13)]
  3745 | D:6      | 3745 ||| READING 2 scrolls of teleportation.
  3749 | D:6      | Reached skill level 12 in Ranged Weapons
  3834 | D:6      | Reached skill level 3 in Fighting
  3895 | D:6      | Reached skill level 6 in Dodging
  3948 | D:6      | 3948 ||| SWAPPING to +0 arbalest.
  3950 | D:6      | 3950 ||| DROPPING +1 shortbow of chaos.
  4013 | D:6      | Reached ** piety under Okawaru
  4016 | D:6      | 4016 ||| INVOKING Heroism.
  4019 | D:6      | Reached skill level 13 in Ranged Weapons
  4021 | D:6      | Reached XP level 9. HP: 30/50 MP: 11/14
  4038 | D:6      | Reached skill level 14 in Ranged Weapons
  4134 | D:6      | Noticed Eustachio
  4135 | D:6      | 4135 ||| INVOKING Heroism.
  4144 | D:6      | Killed Eustachio
  4253 | D:6      | Reached *** piety under Okawaru
  4323 | D:6      | Noticed Maggie
  4332 | D:6      | Killed Maggie
  4333 | D:6      | Reached skill level 15 in Ranged Weapons
  4352 | D:6      | 4352 ||| INVOKING Heroism.
  4711 | D:6      | 4711 ||| UPGRADING to +0 pair of boots.
  4716 | D:6      | 4716 ||| UPGRADING to +0 swamp dragon scales.
  4726 | D:6      | 4726 ||| DROPPING +0 troll leather armour.
  4727 | D:6      | 4727 ||| READING scroll labelled RYTSOERRIAC.
  4753 | D:7      | Noticed Joseph
  4759 | D:7      | 4759 ||| FLEEEEING.
  4760 | D:7      | 4760 ||| FLEEEEING.
  4761 | D:7      | 4761 ||| FLEEEEING.
  4762 | D:7      | 4762 ||| FLEEEEING.
  4763 | D:7      | 4763 ||| FLEEEEING.
  4764 | D:7      | 4764 ||| FLEEEEING.
  4765 | D:7      | 4765 ||| FLEEEEING.
  4768 | D:7      | 4768 ||| STAIRDANCE
  4876 | D:7      | 4876 ||| STAIRDANCE
  4878 | D:6      | 4878 ||| INVOKING Heroism.
  4879 | D:6      | Killed Joseph
  4968 | D:7      | 4968 ||| STAIRDANCE
  4970 | D:6      | 4970 ||| INVOKING Heroism.
  4974 | D:6      | HP: 8/48 [wight/+3 great sword (10)]
  4975 | D:6      | 4975 ||| READING scroll of teleportation.
  4977 | D:6      | Reached XP level 10. HP: 9/53 MP: 13/15
  5228 | D:7      | 5228 ||| FLEEEEING.
  5230 | D:7      | 5230 ||| STAIRDANCE
  5397 | D:7      | Found a flagged portal.
  5449 | D:7      | Noticed Pikel
  5454 | D:7      | Killed Pikel
  5455 | D:7      | Reached skill level 16 in Ranged Weapons
  5455 | D:7      | 5455 ||| FLEEEEING.
  5456 | D:7      | 5456 ||| FLEEEEING.
  5457 | D:7      | 5457 ||| FLEEEEING.
  5458 | D:7      | 5458 ||| FLEEEEING.
  5459 | D:7      | 5459 ||| FLEEEEING.
  5460 | D:7      | 5460 ||| FLEEEEING.
  5461 | D:7      | 5461 ||| FLEEEEING.
  5462 | D:7      | 5462 ||| FLEEEEING.
  5463 | D:7      | 5463 ||| FLEEEEING.
  5464 | D:7      | 5464 ||| FLEEEEING.
  5465 | D:7      | 5465 ||| FLEEEEING.
  5466 | D:7      | 5466 ||| FLEEEEING.
  5467 | D:7      | 5467 ||| FLEEEEING.
  5468 | D:7      | 5468 ||| FLEEEEING.
  5469 | D:7      | 5469 ||| FLEEEEING.
  5470 | D:7      | 5470 ||| FLEEEEING.
  5471 | D:7      | 5471 ||| FLEEEEING.
  5472 | D:7      | 5472 ||| STAIRDANCE
  5556 | D:7      | 5556 ||| STAIRDANCE
  5558 | D:6      | 5558 ||| INVOKING Heroism.
  5770 | D:7      | 5770 ||| Stepping ~*~*~tactically~*~*~ (outnumbered).
  5776 | D:7      | 5776 ||| Stepping ~*~*~tactically~*~*~ (outnumbered).
  5808 | D:7      | Noticed Prince Ribbit
  5814 | D:7      | Killed Prince Ribbit
  6061 | D:7      | Noticed a gargoyle
  6065 | D:7      | Killed a gargoyle
  6066 | D:7      | Reached skill level 17 in Ranged Weapons
  6315 | D:8      | 6315 ||| INVOKING Heroism.
  6322 | D:8      | 6322 ||| STAIRDANCE
  6325 | D:7      | HP: 11/56 [kobold/+2 dagger of electrocution (13)]
  6330 | D:7      | HP: 6/56 [kobold/+0 dagger (3)]
  6520 | D:8      | 6520 ||| INVOKING Heroism.
  6672 | D:8      | 6672 ||| READING scroll of brand weapon.
  6672 | D:8      | 6672 ||| BRANDING +0 arbalest.
  6720 | D:8      | Noticed a two-headed ogre
  6721 | D:8      | 6721 ||| INVOKING Heroism.
  6727 | D:8      | Killed a two-headed ogre
  6728 | D:8      | Reached skill level 18 in Ranged Weapons
  6753 | D:8      | Reached **** piety under Okawaru
  6762 | D:8      | 6762 ||| INVOKING Heroism.
  6897 | D:8      | Reached XP level 11. HP: 48/61 MP: 16/16
  6903 | D:8      | 6903 ||| FLEEEEING.
  6904 | D:8      | 6904 ||| FLEEEEING.
  6919 | D:8      | 6919 ||| FLEEEEING.
  6923 | D:8      | 6923 ||| STAIRDANCE
  6956 | D:7      | 6956 ||| DRINKING 2 golden potions.
  6957 | D:7      | 6957 ||| DROPPING potion of brilliance.
  6977 | D:8      | Found a runed translucent door.
  6978 | D:8      | Found a shimmering altar of Xom.
  6978 | D:8      | Noticed a +2 mace of chaos
  6978 | D:8      | Noticed qw's ghost (novice GrFi)
  7076 | D:8      | 7076 ||| FLEEEEING.
  7207 | D:8      | 7207 ||| DROPPING ring of resist corrosion.
  7220 | D:9      | 7220 ||| STAIRDANCE
  7223 | D:8      | 7223 ||| INVOKING Heroism.
  7311 | D:9      | 7311 ||| STAIRDANCE
  7355 | D:9      | 7355 ||| STAIRDANCE
  7421 | D:9      | Found an ornate altar of the Wu Jian Council.
  7467 | D:9      | Noticed a two-headed ogre
  7468 | D:9      | 7468 ||| INVOKING Heroism.
  7471 | D:9      | Killed a two-headed ogre
  7472 | D:9      | Reached skill level 6 in Invocations
  7555 | D:9      | 7555 ||| INVOKING Heroism.
  7738 | D:9      | Noticed a +0 short sword
  7739 | D:9      | Noticed a +0 dagger
  7740 | D:9      | Noticed a +0 spear
  7740 | D:9      | Noticed a +0 falchion
  7740 | D:9      | Noticed a +0 dagger
  7740 | D:9      | Noticed a +0 short sword
  7741 | D:9      | Noticed a +0 spear
  7746 | D:9      | Noticed a +0 falchion
  7763 | D:9      | Found a hide-covered altar of Uskayaw.
  7846 | D:9      | 7846 ||| Stepping ~*~*~tactically~*~*~ (outnumbered).
  7848 | D:9      | 7848 ||| Stepping ~*~*~tactically~*~*~ (outnumbered).
  7902 | D:9      | 7902 ||| READING 3 scrolls labelled QAEJIZ ZELO.
  7903 | D:9      | 7903 ||| DRINKING 2 bubbling blue potions.
  7904 | D:9      | 7904 ||| DRINKING 2 fizzy silvery potions.
  7905 | D:9      | 7905 ||| DROPPING potion of attraction.
  7906 | D:9      | 7906 ||| DROPPING potion of invisibility.
  7907 | D:9      | 7907 ||| DROPPING 2 scrolls of poison.
  7934 | D:10     | Entered Level 10 of the Dungeon
  7957 | D:10     | 7957 ||| FLEEEEING.
  7958 | D:10     | 7958 ||| FLEEEEING.
  7959 | D:10     | 7959 ||| FLEEEEING.
  7960 | D:10     | 7960 ||| FLEEEEING.
  7961 | D:10     | 7961 ||| FLEEEEING.
  7962 | D:10     | 7962 ||| FLEEEEING.
  7963 | D:10     | 7963 ||| FLEEEEING.
  8120 | D:10     | 8120 ||| INVOKING Heroism.
  8397 | D:10     | Reached skill level 9 in Dodging
  8399 | D:10     | Found a staircase to the Lair.
  8655 | D:10     | 8655 ||| PLANNING LAIR
  8655 | D:10     | 8655 ||| DROPPING ring of flight.
  8656 | D:10     | 8656 ||| DROPPING +4 ring of protection.
  8657 | D:10     | 8657 ||| READING scroll labelled LAVOSK ULOI.
  8658 | D:10     | 8658 ||| DRINKING 4 fuming amethyst potions.
  8659 | D:10     | 8659 ||| READING 2 scrolls of identify.
  8659 | D:10     | 8659 ||| IDENTIFYING red potion
  8709 | Lair:1   | Entered Level 1 of the Lair of Beasts
  8737 | Lair:1   | Noticed a lindwurm
  8738 | Lair:1   | 8738 ||| INVOKING Heroism.
  8739 | Lair:1   | Noticed a catoblepas
  8741 | Lair:1   | 8741 ||| Stepping ~*~*~tactically~*~*~ (cloud).
  8743 | Lair:1   | 8743 ||| Stepping ~*~*~tactically~*~*~ (cloud).
  8744 | Lair:1   | 8744 ||| Stepping ~*~*~tactically~*~*~ (cloud).
  8749 | Lair:1   | Killed a lindwurm
  8750 | Lair:1   | Reached skill level 3 in Armour
  8755 | Lair:1   | Killed a catoblepas
  8937 | Lair:1   | 8937 ||| READING scroll of enchant armour.
  8937 | Lair:1   | 8937 ||| ENCHANTING +0 swamp dragon scales.
  8952 | Lair:1   | 8952 ||| INVOKING Heroism.
  9128 | Lair:1   | Reached ***** piety under Okawaru
  9178 | Lair:1   | 9178 ||| INVOKING Heroism.
  9271 | Lair:1   | 9271 ||| FLEEEEING.
  9355 | Lair:1   | Reached skill level 6 in Fighting
  9485 | Lair:1   | 9485 ||| INVOKING Heroism.
  9658 | Lair:1   | 9658 ||| INVOKING Heroism.
  9663 | Lair:1   | Reached skill level 9 in Invocations
  9773 | Lair:1   | 9773 ||| INVOKING Heroism.
  9804 | Lair:1   | 9804 ||| INVOKING Heroism.
  9813 | Lair:1   | Reached XP level 12. HP: 45/70 MP: 18/21
 10047 | Lair:1   | 10047 ||| INVOKING Heroism.
 10280 | Lair:1   | 10280 ||| DROPPING ring of magical power.
 10281 | Lair:1   | 10281 ||| DROPPING ring of see invisible.
 10282 | Lair:1   | 10282 ||| DRINKING 2 orange potions.
 10283 | Lair:1   | 10283 ||| READING 4 scrolls of identify.
 10283 | Lair:1   | 10283 ||| IDENTIFYING metallic clear potion
 10284 | Lair:1   | 10284 ||| READING 3 scrolls of identify.
 10284 | Lair:1   | 10284 ||| IDENTIFYING fuming blue potion
 10285 | Lair:1   | 10285 ||| READING 2 scrolls of identify.
 10285 | Lair:1   | 10285 ||| IDENTIFYING purple potion
 10286 | Lair:1   | 10286 ||| DROPPING potion of degeneration.
 10287 | Lair:1   | 10287 ||| DROPPING potion of lignification.
 10288 | Lair:1   | 10288 ||| DROPPING potion of ambrosia.
 10348 | Lair:2   | Noticed Nergalle
 10349 | Lair:2   | 10349 ||| INVOKING Heroism.
 10355 | Lair:2   | Killed Nergalle
 10403 | Lair:2   | Noticed a six-headed hydra
 10404 | Lair:2   | 10404 ||| INVOKING Heroism.
 10409 | Lair:2   | Killed a six-headed hydra
 10421 | Lair:2   | Slain by a komodo dragon

Levels and vault maps discovered:
D:1:      dpeg_arrival_solitude, layout_basic, dk_noncrumbling_2
D:2:      layout_rooms, serial_bayou_crossing, uniq_jessica, uniq_natasha
D:3:      layout_loops_ring, chequers_serial_rivers_room_b, minivault_4
D:4:      layout_loops_ring, mainiacjoe_overflow_24_doors,
          gammafunk_temple_overflow_forgotten, minmay_temple_entry_antechambers
D:5:      layout_basic, serial_shops, shop_scrolls, dreamdust_mushroom_princess,
          roderic_roman_lattice
D:6:      layout_loops_corners, uniq_eustachio, uniq_maggie, uniq_menkaure
D:7:      layout_basic, enter_bailey_5, uniq_joseph, uniq_pikel,
          uniq_prince_ribbit1
D:8:      layout_cave_pools, ebering_ghost_xom, minmay_holes,
          hangedman_decor_slide_cut, hangedman_incinerator
D:9:      layout_roguey, nicolae_uskayaw_en_pointe, nicolae_wu_jian_wuxing_cycle
D:10:     layout_loops_ring, lair_entry_dummy
Temple:   eino_temple_scatter_basement
Lair:1:   layout_cave_pods, worms_lemuel
Lair:2:   lemuel_ratsnest, layout_concentric_octagons, minmay_swamp_entry_worms,
          spider_nest_entry_webs, grunt_megastairs_4, lemuel_fruit_tree,
          uniq_nergalle

Skill      XL: |  1  2  3  4  5  6  7  8  9 10 11 12 |
---------------+-------------------------------------+-----
Ranged Weapons | 6 7 9 10 11 13 15 18 | 18.0
Dodging        | 3 4 5 6 7 8 9 10 | 10.0
Fighting       | 2 3 4 6 |  6.6
Invocations    | 3 4 5 9 10 | 10.0
Armour         | 2 3 |  3.1
Stealth        | |  1.2

Action                     |  1- 3 |  4- 6 |  7- 9 | 10-12 || total
---------------------------+-------+-------+-------+-------++-------
   Fire: Shortbow          |    41 |   112 |    91 |       ||   244
         Arbalest          |       |       |   123 |   488 ||   611
 Invoke: Heroism           |       |     2 |    10 |    19 ||    31
    Use: Scroll            |     3 |     5 |     6 |     8 ||    22
         Potion            |       |     3 |       |     5 ||     8
 Armour: Leather armour    |     2 |       |       |       ||     2
         Troll leather arm |       |     6 |     6 |       ||    12
         Swamp dragon scal |       |       |     1 |    51 ||    52
  Dodge: Dodged            |     2 |    53 |    96 |   381 ||   532

Table legend:
 A = Non-vault XP
 B = Vault XP
 C = Vault XP percentage of total XP
 D = Non-vault monster count
 E = Vault monster count
 F = Vault count percentage of total count
                 A         B        C        D         E       F
            +---------+---------+-------+---------+---------+-------
      Total |   19547 |    5658 |  22.4 |     214 |      25 |  10.5
            +---------+---------+-------+---------+---------+-------
        D:1 |      22 |       0 |   0.0 |      11 |       0 |   0.0
        D:2 |      50 |      73 |  59.3 |       9 |       2 |  18.2
        D:3 |       5 |       0 |   0.0 |       5 |       0 |   0.0
        D:4 |     309 |       0 |   0.0 |      17 |       0 |   0.0
        D:5 |     743 |       0 |   0.0 |      11 |       0 |   0.0
        D:6 |    3111 |    1170 |  27.3 |      34 |       4 |  10.5
        D:7 |    1761 |     949 |  35.0 |      38 |       6 |  13.6
        D:8 |    2454 |    1034 |  29.6 |      25 |       7 |  21.9
        D:9 |    1934 |       0 |   0.0 |      26 |       0 |   0.0
       D:10 |    1833 |       0 |   0.0 |      13 |       0 |   0.0
     Lair:1 |    6936 |     628 |   8.3 |      24 |       3 |  11.1
     Lair:2 |     389 |    1804 |  82.3 |       1 |       3 |  75.0
            +---------+---------+-------+---------+---------+-------
